 Dungeon Crawl Stone Soup version 0.25-a0-545-ge4db218afc (webtiles) character file.

Game seed: 6453618664076423651, levelgen mode: deterministic

2540 Geomchi the Tainter (level 9, -3/63 HPs)
             Began as an Octopode Venom Mage on Feb 20, 2020.
             Was a Follower of Vehumet.
             Slain by a hornet (13 damage)
             ... while paralysed by a hornet
             ... on level 7 of the Dungeon.
             The game lasted 00:21:54 (10710 turns).

Geomchi the Tainter (Octopode Venom Mage)          Turns: 10710, Time: 00:21:54

Health: -3/63      AC:  4    Str:  8    XL:     9   Next: 55%
Magic:  11/15      EV:  2    Int: 20    God:    Vehumet [*.....]
Gold:   420        SH:  0    Dex: 12    Spells: 5/16 levels left

rFire    + . .     SeeInvis +   o - +2 spear (venom)
rCold    . . .     Gourm    .   I - +3 warlock's mirror {reflect}
rNeg     . . .     Faith    .   (helmet restricted)
rPois    .         Spirit   .   (no amulet)
rElec    .         Reflect  +   j - ring of stealth
rCorr    .         Harm     .   k - ring of protection from fire
MR       .....                  s - +3 ring of protection
Stlth    ++++......             w - ring of see invisible
HPRegen  0.20/turn              (no ring)
MPRegen  0.14/turn              (no ring)
                                (no ring)
                                (no ring)

@: paralysed, lethally poisoned (-3 -> -6), very slightly contaminated, slowed
A: almost no armour, stealthy swim, amphibious, 8 rings, constrict 8, camouflage
1, gelatinous body 1
a: Renounce Religion


You were on level 7 of the Dungeon.
You worshipped Vehumet.
Vehumet was aware of your devotion.
You were not hungry.

You visited 2 branches of the dungeon, and saw 8 of its levels.

You collected 420 gold pieces.

Inventory:

Hand Weapons
 f - a +0 dagger
 g - a +0 short sword of freezing
 i - a +2 dagger of venom
 o - a +2 spear of venom (weapon)
 F - a +0 flail of protection
Armour
 I - the +3 warlock's mirror (worn) {reflect}
   (You found it on level 7 of the Dungeon)
Jewellery
 j - a ring of stealth (left tentacle)
 k - a ring of protection from fire (right tentacle)
 s - a +3 ring of protection (on tentacle)
 w - a ring of see invisible (on tentacle)
Wands
 u - a wand of paralysis (3)
Scrolls
 h - a scroll of enchant armour {unknown}
 m - a scroll of amnesia {unknown}
 n - a scroll of noise {unknown}
 p - a scroll of immolation {unknown}
 q - a scroll of fog {unknown}
 r - a scroll of blinking
 v - a scroll of enchant weapon {unknown}
 y - a scroll of magic mapping {unknown}
 H - a scroll of remove curse {unknown}
Potions
 a - 2 potions of magic {unknown}
 c - a potion of mutation
 d - 2 potions of brilliance
 e - 3 potions of flight
 l - 3 potions of curing
 t - a potion of ambrosia
 x - 2 potions of lignification
 z - a potion of invisibility
 A - a potion of degeneration {unknown}
 B - 2 potions of stabbing {unknown}
 C - a potion of cancellation {unknown}
 E - a potion of might {unknown}
 G - a potion of berserk rage {unknown}
Comestibles
 b - 16 rations


   Skills:
 + Level 6.4 Fighting
 + Level 6.8 Dodging
 - Level 2.6 Stealth
 + Level 0.0 Shields
 - Level 4.0 Spellcasting
 + Level 2.6 Conjurations
 - Level 1.0 Transmutations
 - Level 2.0 Air Magic
 + Level 8.7 Poison Magic


You had 5 spell levels left.
You knew the following spells:

 Your Spells              Type           Power        Failure   Level  Hunger
a - Sting                 Tmut/Pois      ###.         3%          1    None
b - Poisonous Vapours     Pois/Air       ####..       3%          2    #......
c - Mephitic Cloud        Conj/Pois/Air  ###.....     11%         3    ###....
d - Olgreb's Toxic Radia  Pois           #####...     6%          4    ####...
m - Magic Dart            Conj           ##..         8%          1    None

Your spell library contained the following spells:

 Spells                   Type           Power        Failure   Level  Hunger
 Ignite Poison            Fire/Tmut/Pois ###.....     17%         3    ###....
 Animate Skeleton         Necr           N/A          22%         1    None
 Apportation              Tloc           #.....       22%         1    None
 Corona                   Hex            #......      22%         1    None
 Summon Small Mammal      Summ           #...         22%         1    None


Dungeon Overview and Level Annotations

Branches:
Dungeon (7/15)             Temple (1/1) D:4

Altars:
Ashenzari
Cheibriados
Dithmenos
Elyvilon
Fedhas
Gozag
Hepliaklqana
Kikubaaqudgha
Makhleb
Nemelex Xobeh
Okawaru
Qazlal
Ru
Sif Muna
Trog
Uskayaw
Vehumet
Wu Jian
Xom
Yredelemnul
Zin
The Shining One

Annotations:
D:2 Sigmund
D:7 2 transporters


Innate Abilities, Weirdness & Mutations

You cannot wear most types of armour.
You are very stealthy in the water. (Stealth+)
You are amphibious.
You can wear up to eight rings at the same time.
You can use your tentacles to constrict eight enemies at once.
Your skin changes colour to match your surroundings (Stealth+).
Your rubbery body absorbs attacks. (AC +1, EV +1)


Message History

You feel better.
The hornet stings you but does no damage.
You block the hornet's attack. The hornet stings you!
* * * LOW HITPOINT WARNING * * *
You are lethally poisoned!
You feel as though you will be slow longer.
You take 9 damage, and have 1/63 hp.
You feel much better.
You feel sick. You block the hornet's attack. The hornet barely misses you.
You regained 22 hp, and now have 23/63 hp.
You closely miss the hornet. You grab the hornet.
You constrict the hornet, but do no damage.
You feel sick.
The hornet looks more healthy.
The hornet stings you!
* * * LOW HITPOINT WARNING * * *
You suddenly lose the ability to move!
You lose your grip on the hornet.
The hornet stings you.
* * * LOW HITPOINT WARNING * * *
You feel as though you will be slow longer.
The hornet stings you!
You die...

.... #...###### ##.#
#...# #.# #...# #.#
#...# #.# ##...# #.#
#....# ##.# #..#.#
##.# ####..#.#######
##.# #.........@yW.#
##.####.##..#.#####.#
............#.......#
.....##.##.########.#
..()..# #.. ...
......# ### #.#
#...#†# #.# ##.##.#
.)# ####.# ...


You could see a hornet and a wraith.

Vanquished Creatures
  An orc warrior (D:6)
  3 sky beasts
  An ice beast (D:5)
  A phantom (D:5)
  2 ogres
  4 centaurs
  A big kobold (D:6)
  Blork the orc (D:5)
  A bullfrog (D:6)
  A scorpion (D:7)
  4 jellies
  A howler monkey (D:4)
  3 crimson imps
  2 hounds
  Crazy Yiuf (D:2)
  4 orc priests
  4 orc wizards
  Natasha (thrice) (D:2)
  7 worker ants
  Terence (D:2)
  A howler monkey zombie (D:5)
  4 gnolls (D:4)
  A howler monkey skeleton (D:5)
  14 adders
  A shadow imp (D:5)
  An ooze (D:3)
  An adder skeleton (D:4)
  3 worms
  2 dart slugs
  8 leopard geckos
  27 orcs
  2 ball pythons
  11 bats
  8 giant cockroaches
  7 hobgoblins
  12 jackals
  2 quokkas
  8 frilled lizards
  7 goblins
  35 kobolds
  5 rats
206 creatures vanquished.

Vanquished Creatures (others)
  A quokka (D:2)
  A frilled lizard (D:2)
  A plant (D:1)
3 creatures vanquished.

Grand Total: 209 creatures vanquished

Notes
Turn   | Place    | Note
-------+----------+-------------------------------------------
     0 | D:1      | Geomchi the Octopode Venom Mage began the quest for the
                  | Orb.
     0 | D:1      | Reached XP level 1. HP: 11/11 MP: 3/3
   236 | D:1      | Reached XP level 2. HP: 18/18 MP: 1/5
   382 | D:1      | Reached skill level 1 in Fighting
   384 | D:1      | Reached skill level 4 in Poison Magic
   747 | D:1      | Reached XP level 3. HP: 23/23 MP: 3/6
   751 | D:1      | Learned a level 2 spell: Poisonous Vapours
  1051 | D:2      | Noticed Terence
  1063 | D:2      | Killed Terence
  1274 | D:2      | Reached XP level 4. HP: 27/28 MP: 2/7
  1281 | D:2      | Learned a level 4 spell: Olgreb's Toxic Radiance
  1369 | D:2      | Reached skill level 1 in Air Magic
  1519 | D:2      | Noticed Natasha
  1525 | D:2      | Killed Natasha
  1626 | D:2      | Noticed Sigmund
  1921 | D:2      | You fall into a shaft and drop 1 floor!
  1945 | D:3      | Reached XP level 5. HP: 34/34 MP: 2/8
  2691 | D:3      | Reached skill level 5 in Poison Magic
  2787 | D:3      | Reached XP level 6. HP: 15/41 MP: 0/9
  4029 | D:2      | Noticed Natasha
  4036 | D:2      | Killed Natasha
  4089 | D:2      | Found a white marble altar of Elyvilon.
  4168 | D:2      | Found a bloodstained altar of Trog.
  4168 | D:2      | Found a shattered altar of Ashenzari.
  4288 | D:2      | Noticed Natasha
  4293 | D:2      | Killed Natasha
  4367 | D:2      | Found a runed translucent door.
  4368 | D:2      | Noticed Crazy Yiuf
  4593 | D:2      | Killed Crazy Yiuf
  4593 | D:2      | Reached XP level 7. HP: 23/46 MP: 3/10
  5074 | D:4      | Learned a level 3 spell: Mephitic Cloud
  5239 | D:4      | Reached skill level 6 in Poison Magic
  5890 | D:4      | Found a staircase to the Ecumenical Temple.
  5900 | Temple   | Entered the Ecumenical Temple
  6025 | Temple   | Became a worshipper of Vehumet
  6241 | D:5      | Entered Level 5 of the Dungeon
  6832 | D:5      | Found a basalt altar of Yredelemnul.
  6832 | D:5      | Found a burning altar of Makhleb.
  6885 | D:6      | Reached XP level 8. HP: 45/54 MP: 0/13
  6890 | D:6      | Reached skill level 5 in Dodging
  7501 | D:6      | Reached skill level 7 in Poison Magic
  7844 | D:5      | Reached skill level 5 in Fighting
  8052 | D:5      | Found a shadowy altar of Dithmenos.
  8065 | D:5      | Reached * piety under Vehumet
  8065 | D:5      | Offered knowledge of Magic Dart by Vehumet.
  8068 | D:5      | Learned a level 1 spell: Magic Dart
  8229 | D:5      | Noticed Blork the orc
  8252 | D:5      | Killed Blork the orc
  8395 | D:5      | Upgraded the game from 0.25-a0-544-gee0576305d to
                  | 0.25-a0-545-ge4db218afc
  8410 | D:5      | Reached skill level 8 in Poison Magic
  8410 | D:5      | Reached XP level 9. HP: 55/62 MP: 4/15
  8769 | D:6      | Found a hide-covered altar of Uskayaw.
  8996 | D:6      | Reached skill level 1 in Conjurations
  9950 | D:7      | Found a shimmering blue altar of Sif Muna.
 10122 | D:7      | Found a sacrificial altar of Ru.
 10185 | D:7      | Found an ornate altar of the Wu Jian Council.
 10187 | D:7      | Noticed a hornet
 10187 | D:7      | Noticed a green ugly thing
 10189 | D:7      | Found a transporter.
 10202 | D:7      | Found a transporter.
 10662 | D:7      | Found the +3 warlock's mirror {reflect}
 10697 | D:7      | Noticed a hornet
 10705 | D:7      | Paralysed by a hornet for 3 turns
 10708 | D:7      | HP: 1/63 [hornet (17)]
 10710 | D:7      | Paralysed by a hornet for 2 turns
 10710 | D:7      | Slain by a hornet

Levels and vault maps discovered:
D:1:      evilmike_arrival_plus, layout_basic, lexackson_kobold_supper
D:2:      layout_loops_ring, elyvilon_altar_4,
          gammafunk_temple_overflow_elements, uniq_sigmund, uniq_terence,
          uniq_crazy_yiuf_cottage, uniq_natasha
D:3:      minmay_bubble_buster, layout_basic, first_ration, minivault_26
D:4:      layout_rooms, minmay_temple_entry_purple_smoke, minmay_pentomino_pile
D:5:      layout_basic, grunt_dithmenos_smoke, gammafunk_temple_overflow_wave,
          uniq_blork_the_orc
D:6:      kennysheep_kobold_camp, layout_basic, eat_drink_and_be_merry_uskayaw
D:7:      layout_loops_ring, nicolae_overflow_crystal_walls,
          gammafunk_temple_overflow_arena, lemuel_round_altar
Temple:   minmay_temple_bridge_abc

Skill      XL: |  1  2  3  4  5  6  7  8  9 |
---------------+----------------------------+-----
Fighting       | 1 2 3 4 5 6 |  6.4
Poison Magic   | 4 5 6 8 |  8.7
Air Magic      | 1 2 |  2.0
Dodging        | 3 4 6 |  6.8
Spellcasting   | 3 4 |  4.0
Conjurations   | 2 |  2.6
Stealth        | |  2.6
Transmutations | |  1.0

Action                   |  1- 3 |  4- 6 |  7- 9 || total
-------------------------+-------+-------+-------++-------
Melee: Constrict         |     6 |     3 |    26 ||    35
       Tentacles         |     4 |     1 |    25 ||    30
       Unarmed           |     1 |       |       ||     1
       Dagger            |    16 |     8 |    16 ||    40
       Club              |     1 |       |       ||     1
       Spear             |       |       |   164 ||   164
 Cast: Sting             |    45 |   109 |    73 ||   227
       Poisonous Vapours |     1 |    22 |    38 ||    61
       Olgreb's Toxic Ra |       |     4 |    12 ||    16
       Magic Dart        |       |       |    13 ||    13
       Mephitic Cloud    |       |       |     4 ||     4
Evoke: Wand              |       |       |    20 ||    20
  Use: Scroll            |       |       |     8 ||     8
       Potion            |       |       |     2 ||     2
 Stab: Paralysed         |       |       |     3 ||     3
       Sleeping          |       |       |     1 ||     1
  Eat: Chunk             |     2 |    13 |    20 ||    35
       Ration            |       |       |     1 ||     1
Armor: Skin              |     2 |     1 |    25 ||    28
Dodge: Dodged            |    30 |    17 |   152 ||   199
Block: Buckler           |       |       |     4 ||     4

Table legend:
 A = Non-vault XP
 B = Vault XP
 C = Vault XP percentage of total XP
 D = Non-vault monster count
 E = Vault monster count
 F = Vault count percentage of total count
                 A         B        C        D         E       F
            +---------+---------+-------+---------+---------+-------
      Total |    3215 |     414 |  11.4 |     162 |      44 |  21.4
            +---------+---------+-------+---------+---------+-------
        D:1 |      29 |      16 |  35.6 |      16 |       8 |  33.3
        D:2 |     120 |     110 |  47.8 |      21 |       3 |  12.5
        D:3 |     334 |      21 |   5.9 |      44 |       9 |  17.0
        D:4 |     354 |      46 |  11.5 |      30 |       2 |   6.2
        D:5 |     766 |      96 |  11.1 |      19 |       1 |   5.0
        D:6 |     856 |     125 |  12.7 |      20 |      21 |  51.2
        D:7 |     756 |       0 |   0.0 |      12 |       0 |   0.0
            +---------+---------+-------+---------+---------+-------
